 Dungeon Crawl Stone Soup version 0.29.1-15-g9cfb28693d (webtiles) character file.

Game seed: 1661169137953494475

128 ThatPearl the Sneak (level 4, -5/38 HPs)
             Began as a Demonspawn Delver on Mar 12, 2023.
             Splashed by a jelly's acid (6 damage)
             ... on level 3 of the Dungeon.
             The game lasted 00:06:01 (3321 turns).

ThatPearl the Sneak (Demonspawn Delver)             Turns: 3321, Time: 00:06:02

Health: -5/38      AC:  1    Str: 13    XL:     4   Next: 87%
Magic:  4/4        EV: 10    Int: 13    God:
Gold:   151        SH:  0    Dex: 14    Spells: 3/3 levels left

rFire   . . .      SeeInvis .   a - +0 hand axe
rCold   . . .      Faith    .   (no shield)
rNeg    . . .      Spirit   .   p - +0 ring mail
rPois   .          Reflect  .   (no helmet)
rElec   .          Harm     .   (no cloak)
rCorr   .          Rampage  .   (no gloves)
Will    .....                   (no boots)
Stlth   ++........              (no amulet)
HPRegen 0.12/turn               (no ring)
MPRegen 0.09/turn               (no ring)

@: corroded
A: foul stench 2, demonic magic 1
a: no special abilities


You were on level 3 of the Dungeon.
You visited 1 branch of the dungeon, and saw 5 of its levels.

You collected 151 gold pieces.

Inventory:

Hand Weapons
 a - a +0 hand axe (weapon)
 u - a +0 sling
Missiles
 h - 38 stones (quivered)
Armour
 b - a +0 leather armour
 m - a +0 hat
 p - a +0 ring mail (worn)
Wands
 g - a wand of digging (3)
 v - a wand of roots (4)
Scrolls
 c - a scroll of fog
 d - a scroll of magic mapping
 e - a scroll of fear
 j - a scroll of identify {unknown}
 l - a scroll of torment {unknown}
 n - a scroll of immolation {unknown}
 o - a scroll of acquirement {unknown}
 q - a scroll of enchant armour {unknown}
 s - a scroll of amnesia {unknown}
 w - a scroll of butterflies {unknown}
Potions
 f - a potion of haste
 i - 2 potions of heal wounds {unknown}
 k - a potion of degeneration {unknown}
 r - 2 potions of attraction {unknown}
 t - a potion of mutation {unknown}
 x - 2 potions of flight {unknown}


   Skills:
 + Level 4.5 Fighting
 + Level 3.5 Axes
 - Level 1.7 Dodging
 - Level 4.5 Stealth


You had 3 spell levels left.
You didn't know any spells.
Your spell library contained the following spells:

 Spells                   Type           Power      Damage    Failure   Level
 Stone Arrow              Conj/Erth      0%         3d7       90%         3
 Tukima's Dance           Hex            0%         N/A       90%         3
 Animate Armour           Summ/Erth      0%         N/A       100%        4
 Passage of Golubria      Tloc           0%         N/A       100%        4
 Summon Ice Beast         Ice/Summ       0%         N/A       100%        4
 Summon Mana Viper        Hex/Summ       0%         N/A       100%        5
 Yara's Violent Unravell  Hex/Tmut       0%         3d3       100%        5
 Monstrous Menagerie      Summ           0%         N/A       100%        7
 Lehudib's Crystal Spear  Conj/Erth      0%         10d2      100%        8


Dungeon Overview and Level Annotations

Branches:
Dungeon (5/15)
 Temple: D:4-7

Altars:


Innate Abilities, Weirdness & Mutations

You sometimes emit foul miasma when damaged in melee.
Spells you cast may paralyse adjacent enemies.


Message History

You hit the endoplasm but do no damage.
The endoplasm is almost dead.
The endoplasm hits you but does no damage.
You hit the endoplasm but do no damage.
You punch the endoplasm, but do no damage.
The endoplasm is almost dead.
The endoplasm closely misses you.
The jelly jiggles.
You barely miss the endoplasm.
The endoplasm is almost dead.
The endoplasm hits you. The endoplasm attacks as you move away!
The endoplasm hits you but does no damage.
You see here a +0 short sword.
You hit the endoplasm.
The endoplasm is lightly wounded.
The endoplasm barely misses you.
You hit the jelly but do no damage.
Your hands burn!
The jelly barely misses you.
You hit the jelly. The acid corrodes you!
Your hands burn!
The jelly is moderately wounded.
The jelly barely misses you.
You hit the jelly but do no damage.
Your hands burn!
The jelly is moderately wounded.
The endoplasm jiggles.
The jelly closely misses you.
You hit the jelly.
Your hands burn!
The jelly is moderately wounded.
The jelly closely misses you.
You hit the jelly.
Your hands burn!
The jelly is heavily wounded.
The jelly hits you. The acid corrodes you!
You are splashed with acid!
* * * LOW HITPOINT WARNING * * *
You hit the jelly but do no damage.
Your hands burn!
* * * LOW HITPOINT WARNING * * *
The jelly is heavily wounded.
The jelly hits you.
* * * LOW HITPOINT WARNING * * *
You are splashed with acid.
You die...

#.# ###.###.# .......>.
###.###.# .........
####### ##.#.#.#
#.....J########## #......
#.÷÷.JJJ##......#####.#.#
#...÷.J#@#.......##.#.#.#
#....JJ#.#........'.#.#.#
#...÷..#.#........'......
#......#.#'#......'......
#....÷.#.#.#.....##.#.#.#
#......#.#.#....###......
#$.....##.####### #.#.###
### #....... ....#####


You could see a jelly and 3 endoplasms.

Vanquished Creatures
  A jelly (D:3)
  3 adders
  A worm (D:2)
  3 dart slugs
  5 ball pythons
  4 endoplasms (D:3)
  2 giant cockroaches
  6 goblins
  4 hobgoblins
  4 jackals (D:2)
  2 quokkas
  7 bats
  A frilled lizard (D:1)
  10 kobolds
  5 rats
58 creatures vanquished.

Vanquished Creatures (others)
  9 fungi (D:3)
  7 toadstools (D:3)
16 creatures vanquished.

Grand Total: 74 creatures vanquished

Notes
Turn   | Place    | Note
-------+----------+-------------------------------------------
     0 | D:5      | ThatPearl the Demonspawn Delver began the quest for the
                  | Orb.
     0 | D:5      | Reached XP level 1. HP: 18/18 MP: 1/1
   564 | D:1      | Gained mutation: Spells you cast may paralyse adjacent
                  | enemies. [demonic ancestry]
   564 | D:1      | Reached XP level 2. HP: 9/24 MP: 2/2
  1162 | D:1      | Found a faded altar of an unknown god.
  1505 | D:2      | Gained mutation: You may rarely emit foul miasma when
                  | damaged in melee. [demonic ancestry]
  1505 | D:2      | Reached XP level 3. HP: 27/29 MP: 3/3
  2333 | D:2      | Gained mutation: You sometimes emit foul miasma when
                  | damaged in melee. [demonic ancestry]
  2333 | D:2      | Reached XP level 4. HP: 25/37 MP: 4/4
  3321 | D:3      | HP: 1/38 [jelly (2)]
  3321 | D:3      | Splashed by a jelly's acid

Illustrated notes

Levels and vault maps discovered:
D:1:      mrwooster_arrival_statue_3, layout_rooms,
          hellmonk_ecumenical_altar_run_dry
D:2:      layout_rooms
D:3:      cheibrodos_fertilizer, layout_basic
D:4:      layout_loops_cross, minmay_misc_feat_iff
D:5:      layout_basic, evilmike_ruin_ashenzari,
          grunt_temple_overflow_cloverleaf, lightli_church_of_beogh,
          uniq_eustachio, uniq_crazy_yiuf_cottage

Skill      XL: |  1  2  3 |
---------------+----------+-----
Axes           | 2 3 |  3.5
Fighting       | 4 |  4.5
Dodging        | |  1.7
Stealth        | |  4.5

Action                   |  1- 3 |  4- 6 || total
-------------------------+-------+-------++-------
Melee: Hand axe          |   137 |    95 ||   232
       Punch             |     1 |     1 ||     2
 Stab: Sleeping          |     7 |     3 ||    10
Armor: Leather armour    |    22 |       ||    22
       Ring mail         |    34 |    33 ||    67
Dodge: Dodged            |    81 |    45 ||   126
